 Dungeon Crawl Stone Soup version 0.23.2-33-g5129a83184 (webtiles) character file.

Game seed: 10136528549752912676

25 MalarOregon the Digger (level 3, -2/26 HPs)
             Began as a Ghoul Earth Elementalist on July 13, 2019.
             Slain by a worker ant (8 damage)
             ... on level 2 of the Dungeon.
             The game lasted 00:01:59 (1000 turns).

MalarOregon the Digger (Ghoul Earth Elementalist)   Turns: 1000, Time: 00:02:00

Health: -2/26      AC:  2    Str: 11    XL:     3   Next: 6%
Magic:  2/4        EV: 12    Int: 11    God:
Gold:   47         SH:  0    Dex:  9    Spells: 4/5 levels left

rFire    . . .     SeeInvis .     - Unarmed
rCold    + . .     Gourm    .   (no shield)
rNeg     + + +     Faith    .   c - +0 robe
rPois    ∞         Spirit   .   (no helmet)
rElec    .         Reflect  .   (no cloak)
rCorr    .         Harm     .   (no gloves)
MR       .....                  (no boots)
Stlth    ++........             (no amulet)
HPRegen  0.00/turn              (no ring)
MPRegen  0.09/turn              (no ring)

@: rotting
A: rotting body, claws 1, carnivore, cold resistance 1, negative energy
resistance 3, inhibited regeneration, torment resistance, unbreathing
a: no special abilities


You were on level 2 of the Dungeon.
You were not hungry.

You visited 1 branch of the dungeon, and saw 2 of its levels.

You collected 47 gold pieces.

Inventory:

Missiles
 b - 49 stones (quivered)
Armour
 c - a +0 robe (worn)
Jewellery
 j - a +4 ring of intelligence {unknown}
   (You found it on level 1 of the Dungeon)
Scrolls
 d - a scroll of enchant armour {unknown}
 f - 2 scrolls of magic mapping {unknown}
 g - a scroll of identify {unknown}
 i - a scroll of enchant weapon {unknown}
 k - 2 scrolls of fear {unknown}
 l - a scroll of blinking {unknown}
Potions
 h - 4 potions of curing {unknown}
 m - a potion of brilliance {unknown}
Comestibles
 e - 2 rations {!d}


   Skills:
 - Level 1.7 Dodging
 - Level 2.1 Stealth
 + Level 2.9 Unarmed Combat
 - Level 1.7 Spellcasting
   Level 0.8 Transmutations
 - Level 3.2 Earth Magic


You had 4 spell levels left.
You knew the following spells:

 Your Spells              Type           Power        Failure   Level  Hunger
a - Sandblast             Erth           #.....       8%          1    ##.....

Your spell library contained the following spells:

 Spells                   Type           Power        Failure   Level  Hunger
 Passwall                 Tmut/Erth      #.......     19%         2    ###....
 Stone Arrow              Conj/Erth      #.....       41%         3    ####...
 Petrify                  Tmut/Erth      #.......     77%         4    #####..
 Lee's Rapid Deconstruct  Erth           #.........   91%         5    ######.


Dungeon Overview and Level Annotations

Branches:
Dungeon (2/15)

Altars:


Innate Abilities, Weirdness & Mutations

Your body is rotting away.
You thrive on raw meat.
You are immune to poison.
You have sharp fingernails.
You are carnivorous and can eat meat at any time.
Your flesh is cold resistant. (rC+)
You are immune to negative energy. (rN+++)
You do not regenerate when monsters are visible.
You are immune to unholy pain and torment.
You can survive without breathing.


Message History

The adder barely misses you.
You miss the adder. The adder bites you.
The frilled lizard hisses angrily.
You scratch the adder. The adder bites you but does no damage.
You closely miss the adder. The adder bites you.
You scratch the adder. The adder closely misses you. The adder bites you.
You scratch the adder.
You kill the adder!
You have reached level 3!
Your experience leads to an increase in your attributes!
Increase (S)trength, (I)ntelligence, or (D)exterity?
You feel clever.
You barely miss the frilled lizard. The frilled lizard bites you.
You barely miss the frilled lizard. The frilled lizard bites you.
* * * LOW HITPOINT WARNING * * *
You miss the frilled lizard. The frilled lizard bites you.
* * * LOW HITPOINT WARNING * * *
You scratch the frilled lizard but do no damage.
The frilled lizard bites you but does no damage.
You closely miss the frilled lizard. The frilled lizard bites you.
* * * LOW HITPOINT WARNING * * *
You closely miss the frilled lizard. The frilled lizard bites you.
* * * LOW HITPOINT WARNING * * *
You claw the frilled lizard!
You kill the frilled lizard!
Unknown command.
You see here an adder corpse.
You butcher the adder corpse.
A worker ant comes into view.
Things that are here:
2 chunks of flesh; an adder skeleton You start resting.
The worker ant is too close now for your liking.
You start resting.
The worker ant is too close now for your liking.
You start resting.
The worker ant is too close now for your liking.
Aim: a worker ant (hasn't noticed you)
The blast of sand hits the worker ant.
The worker ant twitches its antennae in your direction.
b - 50 stones You completely miss the worker ant.
The worker ant bites you.
* * * LOW HITPOINT WARNING * * *
You scratch the worker ant. The worker ant bites you.
* * * LOW HITPOINT WARNING * * *
Aim: a worker ant (moderately wounded)
The blast of sand hits the worker ant but does no damage.
b - 49 stones The worker ant bites you!
You die...

##.## ######...##
..........# ####
.........## ...
######.####.#####
#....%.....#
#.####.###.# #.#
.# #@# .#
######a####.#
#...........#
#.####<####.a.
#.# #. #.. ####


You could see a worker ant.

Vanquished Creatures
  An adder (D:2)
  A dart slug (D:1)
  A giant cockroach (D:2)
  A goblin (D:1)
  2 jackals (D:1)
  3 kobolds (D:1)
  3 bats (D:1)
  A frilled lizard (D:2)
  3 rats (D:1)
16 creatures vanquished.

Notes
Turn   | Place    | Note
-------+----------+-------------------------------------------
     0 | D:1      | MalarOregon the Ghoul Earth Elementalist began the quest
                  | for the Orb.
     0 | D:1      | Reached XP level 1. HP: 14/14 MP: 2/2
    85 | D:1      | Reached skill level 1 in Unarmed Combat
   237 | D:1      | Reached XP level 2. HP: 20/20 MP: 3/3
   910 | D:2      | Reached XP level 3. HP: 15/26 MP: 4/4
  1000 | D:2      | Slain by a worker ant

Skill      XL: |  1  2 |
---------------+-------+-----
Unarmed Combat | 1 2 |  2.9
Dodging        | |  1.7
Stealth        | |  2.1
Spellcasting   | |  1.7
Transmutations | |  0.8
Earth Magic    | |  3.2

Action                   || total
-------------------------++-------
Melee: Unarmed           ||    53
       Punch             ||     1
 Cast: Sandblast         ||     2
  Eat: Chunk             ||     2
Armor: Robe              ||    13
Dodge: Dodged            ||    21
